 Dungeon Crawl Stone Soup version 0.18-a0-1036-g7ac1859 (webtiles) character file.

858 taringoleri the Shield-Bearer (level 8, -14/62 HPs)
             Began as a Formicid Fighter on Jan 9, 2016.
             Demolished by Pikel
             ... wielding a +0 whip of electrocution
              (20 damage)
             ... on level 5 of the Dungeon.
             The game lasted 00:25:41 (3812 turns).

taringoleri the Shield-Bearer (Formicid Fighter)    Turns: 3812, Time: 00:25:43

Health: -14/62     AC:  8    Str: 27    XL:     8   Next: 22%
Magic:  8/8        EV: 10    Int:  8    God:
Gold:   236        SH: 11    Dex: 10    Spells: 0 memorised, 7 levels left

rFire  + . .     SeeInvis +     s - +1 falchion of the Six Blessings {venom, rF+ rC- Str+4 SInv}
rCold  . . .     Gourm    .     b - +0 scale mail
rNeg   . . .     Faith    .     c - +0 shield
rPois  .         Spirit   .     (helmet unavailable)
rElec  .         Dismiss  .     (no cloak)
rCorr  .         Reflect  .     h - +0 pair of gloves
SustAt .         Harm     .     (no boots)
MR     .....                    (no amulet)
Stlth  ..........               (no ring)
                                w - ring of protection from cold

@: lethally poisoned (-14 -> -15), not resistant to hostile enchantments,
extremely unstealthy
A: permanent stasis, dig shafts and tunnels, four strong arms, antennae 3
a: Dig, Shaft Self


You were on level 5 of the Dungeon.
You were not hungry.

You visited 1 branch of the dungeon, and saw 5 of its levels.

You collected 236 gold pieces.

Inventory:

Hand Weapons
 a - a +0 war axe
 s - the +1 falchion of the Six Blessings (weapon) {venom, rF+ rC- Str+4 SInv}
   (You found it on level 5 of the Dungeon)

   It poisons the flesh of those it strikes.
   It affects your strength (+4).
   It protects you from fire.
   It makes you vulnerable to cold.
   It lets you see invisible.
Armour
 b - a +0 scale mail (worn)
 c - a +0 shield (worn)
 h - a +0 pair of gloves (worn)
Jewellery
 w - a ring of protection from cold (left hand)
Wands
 u - a wand of cold (1/15)
Scrolls
 f - a scroll of amnesia
 i - 2 scrolls of remove curse
 j - a scroll of random uselessness {unknown}
 p - a scroll of enchant weapon {unknown}
 v - a scroll of enchant armour {unknown}
Potions
 e - a potion of heal wounds {unknown}
 k - a potion of agility
 l - 4 potions of curing
 m - a potion of berserk rage {unknown}
 n - 2 potions of degeneration {unknown}
 r - a potion of brilliance {unknown}
 t - a potion of beneficial mutation {unknown}
Books
 d - a book of Cantrips

   Spells                             Type                      Level
   a - Corona                         Hexes                        1
   b - Animate Skeleton               Necromancy                   1
   c - Summon Small Mammal            Summoning                    1
   d - Apportation                    Translocation                1
Comestibles
 o - a bread ration


   Skills:
 + Level 5.0 Fighting
 + Level 4.2 Axes
 + Level 5.1 Armour
 + Level 3.4 Dodging
 + Level 6.4 Shields


You had 7 spell levels left.
You didn't know any spells.

Dungeon Overview and Level Annotations

Branches:
Dungeon (5/15)
 Temple: D:4-7

Altars:
Fedhas
Okawaru
Pakellas
Ru
Sif Muna
Vehumet

Annotations:
D:4 Grinder
D:5 Menkaure, Pikel


Innate Abilities, Weirdness & Mutations

You are under a permanent stasis effect.
You can dig through walls and to a lower floor.
Your four strong arms can wield two-handed weapons with a shield.
You have a pair of large antennae on your head (SInv).


Message History

You hit the worker ant.
The worker ant is poisoned.
The worker ant is moderately wounded.
You block the worker ant's attack. Pikel hits you but does no damage.
You are electrocuted!
* * * LOW HITPOINT WARNING * * *
You hit Pikel but do no damage.
Pikel is poisoned.
You feel sick. The worker ant bites you.
* * * LOW HITPOINT WARNING * * *
You block the worker ant's attack. You block Pikel's attack.
You closely miss Pikel.
Pikel is lightly wounded.
You kill the worker ant!
You block Pikel's attack.
You barely miss Pikel.
Pikel is lightly wounded.
You feel sick. Pikel closely misses you.
Pikel hits you with a whip of electrocution.
* * * LOW HITPOINT WARNING * * *
You are electrocuted!
You die...

## ... . .. #§# #.
##.### #{# #. . ..# #§#
#. #.#.# ##{##### #.
#.#.###§§§...# #.
#..p....{###.######.
#.####K####.###...)....
#.....@# #.))########.
#.....†# ###)## #.
....###.# #...# ## ...
#.# #...# # .# ...
#...# ### #.. #...#
###.. ... #...# #....
##>####...####.#.#
#................#


You could see Pikel and a slave.

Vanquished Creatures
  A sky beast (D:5)
  2 ogres (D:4)
  2 giant frog skeletons (D:4)
  4 orc priests
  A hound (D:5)
  2 orc wizards
  2 iguanas
  3 worker ants (D:5)
  A killer bee zombie (D:5)
  10 adders
  2 worms
  3 giant geckos
  17 orcs
  8 giant cockroaches
  7 goblins
  9 hobgoblins
  2 quokkas
  2 ball pythons (D:3)
  11 bats
  A giant gecko zombie (D:5)
  4 giant newts
  2 kobolds (D:2)
  8 rats
104 creatures vanquished.

Notes
Turn   | Place    | Note
--------------------------------------------------------------
     0 | D:1      | taringoleri the Formicid Fighter began the quest for the Orb.
     0 | D:1      | Reached XP level 1. HP: 18/18 MP: 1/1
   194 | D:1      | Reached XP level 2. HP: 21/24 MP: 2/2
   529 | D:2      | Reached XP level 3. HP: 9/30 MP: 3/3
   759 | D:2      | Found a blossoming altar of Fedhas.
   777 | D:2      | Reached skill level 1 in Dodging
   777 | D:2      | Reached skill level 4 in Shields
   777 | D:2      | Reached XP level 4. HP: 18/37 MP: 4/4
  1717 | D:3      | Found a faded altar to an unknown god.
  1775 | D:3      | Reached XP level 5. HP: 29/42 MP: 5/5
  2302 | D:3      | Found a radiant altar of Vehumet.
  2530 | D:3      | Reached XP level 6. HP: 45/48 MP: 6/6
  2760 | D:4      | Reached skill level 5 in Shields
  2920 | D:4      | Noticed an ogre
  2926 | D:4      | Killed an ogre
  2943 | D:4      | Reached XP level 7. HP: 25/55 MP: 7/7
  2957 | D:4      | Noticed Grinder
  3434 | D:5      | Entered Level 5 of the Dungeon
  3512 | D:5      | Found a deep blue altar of Sif Muna.
  3513 | D:5      | Found a sacrificial altar of Ru.
  3513 | D:5      | Found an oddly glowing altar of Pakellas.
  3530 | D:5      | Found an iron altar of Okawaru.
  3590 | D:5      | Got an ebony falchion
  3591 | D:5      | Identified the +1 falchion of the Six Blessings {venom, rF+ rC- Str+4 SInv} (You found it on level 5 of the Dungeon)
  3675 | D:5      | Reached skill level 5 in Armour
  3675 | D:5      | Reached skill level 6 in Shields
  3712 | D:5      | Reached XP level 8. HP: 53/61 MP: 8/8
  3762 | D:5      | Reached skill level 5 in Fighting
  3798 | D:5      | Noticed Pikel
  3799 | D:5      | Noticed Menkaure
  3812 | D:5      | Demolished by Pikel

Vault maps used:
D:1:      lightli_arrival_quake
D:2:      lemuel_crystal_altar
D:3:      vehumet_crystals, ecumenical_altar_1
D:4:      uniq_grinder
D:5:      nicolae_overflow_quartered_altars, serial_shops,
          kennysheep_little_box, first_bread, uniq_pikel, uniq_menkaure

Action                   |  1- 3 |  4- 6 |  7- 9 || total
-------------------------+-------+-------+-------++-------
Melee: War axe           |    90 |   203 |    81 ||   374
       Falchion          |       |       |    36 ||    36
  Use: Potion            |     1 |     1 |       ||     2
       Scroll            |       |     6 |     3 ||     9
  Eat: Bread ration      |       |     1 |     1 ||     2
       Royal jelly       |       |     1 |       ||     1
       Beef jerky        |       |       |     1 ||     1
       Chunk             |       |       |     1 ||     1
